 Dungeon Crawl Stone Soup version 0.30-a0-782-ge64f9170bb (webtiles) character file.

Game seed: 5442864823898079294

272 Drevant2 the Spear-Bearer (level 6, -5/44 HPs)
             Began as a Merfolk Gladiator on Feb 28, 2023.
             Was an Initiate of Makhleb.
             Slain by an ogre
             ... wielding a +0 giant club
              (34 damage)
             ... on level 4 of the Dungeon.
             The game lasted 00:08:10 (3260 turns).

Drevant2 the Spear-Bearer (Merfolk Gladiator)       Turns: 3260, Time: 00:08:11

Health: -5/44      AC:  4    Str: 14    XL:     6   Next: 23%
Magic:  6/6        EV: 13    Int:  7    God:    Makhleb [......]
Gold:   310        SH:  0    Dex: 18    Spells: 5/5 levels left

rFire   + . .      SeeInvis .    a - +0 trident (venom)
rCold   . . .      Faith    .    (no shield)
rNeg    . . .      Spirit   .    b - +0 leather armour
rPois   .          Reflect  .    c - +0 helmet
rElec   .          Harm     .    (no cloak)
rCorr   .          Rampage  .    (no gloves)
Will    .....                    (no boots)
Stlth   +                        (no amulet)
HPRegen 0.27/turn                k - ring of protection from fire
MPRegen 0.10/turn                (no ring)

@: mighty, weak-willed
A: (nimble swimmer 2), mertail
a: Renounce Religion


You were on level 4 of the Dungeon.
You worshipped Makhleb.
Makhleb was noncommittal.
You visited 1 branch of the dungeon, and saw 6 of its levels.

You collected 310 gold pieces.

Inventory:

Hand Weapons
 a - a +0 trident of venom (weapon)
Missiles
 e - 4 javelins (quivered)
Armour
 b - a +0 leather armour (worn)
 c - a +0 helmet (worn)
Jewellery
 k - a ring of protection from fire (left hand)
 n - an amulet of faith
 r - a ring of resist corrosion
 t - a ring of see invisible
Wands
 g - a wand of light (10)
Scrolls
 f - a scroll of magic mapping
 h - a scroll of enchant armour
 i - 2 scrolls of blinking
 j - 2 scrolls of enchant weapon
 o - 2 scrolls of poison
 x - a scroll of silence
Potions
 m - a potion of invisibility {unknown}
 p - a potion of curing
 s - a potion of attraction {unknown}
 u - a potion of resistance {unknown}
 v - a potion of berserk rage {unknown}
 w - a potion of might


   Skills:
 - Level 2.1 Fighting
 - Level 9.0 Polearms
 - Level 2.0 Throwing
 + Level 4.0 Dodging


You had 5 spell levels left.
You didn't know any spells.
Your spell library contained the following spells:

 Spells                   Type           Power      Damage    Failure   Level
 Static Discharge         Conj/Air       0%         2-2/arc   65%         2
 Vhi's Electric Charge    Tloc/Air       0%         N/A       87%         3
 Arcjolt                  Conj/Air       0%         1d10      100%        5
 Lightning Bolt           Conj/Air       0%         1d11      100%        5


Dungeon Overview and Level Annotations

Branches:
Dungeon (6/15)
 Temple: D:4-7

Altars:
Hepliaklqana
Makhleb
Trog
Yredelemnul


Innate Abilities, Weirdness & Mutations

((You are very nimble when in or above water. (Stealth+, EV+, Speed+++)))
Your lower body shifts to a powerful aquatic tail in water.


Message History

* * * LOW HITPOINT WARNING * * *
As you read the scroll labelled MAIFFI WENUKE, it crumbles to dust.
It is a scroll of brand weapon.
Your +0 trident drips with poison.
a - a +0 trident of venom (weapon)
The water moccasin bites you.
* * * LOW HITPOINT WARNING * * *
You feel better. The water moccasin misses you.
The water moccasin closely misses you.
You closely miss the water moccasin.
The water moccasin is heavily wounded.
The water moccasin bites you.
You hit the water moccasin but do no damage.
The water moccasin is poisoned.
The water moccasin is heavily wounded.
The water moccasin bites you but does no damage.
You closely miss the water moccasin.
The water moccasin is heavily wounded.
The water moccasin barely misses you.
The water moccasin bites you but does no damage.
You puncture the water moccasin!
The water moccasin is severely wounded.
The water moccasin closely misses you.
You barely miss the water moccasin.
The water moccasin is severely wounded.
The water moccasin barely misses you.
You hit the water moccasin.
The water moccasin is almost dead.
You kill the water moccasin!
Makhleb accepts your kill.
Your Polearms skill gained 2 levels and is now at level 9!
You have reached level 6!
It was a potion of might.
You feel very mighty all of a sudden. The ogre barely misses you.
You puncture the ogre!
The ogre looks as sick as possible!
The ogre is moderately wounded.
The ogre hits you with a +0 giant club!!
Ouch! That really hurt!
You die...

######### ###........ #
#####....###### #.
............... ..w
#.###....###.## ....
###.#.....## #.## .O...
#.......### #.##
......####.#.....######.##
..(....wO@.#........))....
#....#.###.#.....#####..#.
#..>..####.......# #..#. #
#..........#.### #..#)
...##########.# #..#. #.#.
#.# #..#. . #
####.#######..#.
#..........#..#.
#.##.#####.#..#.


You could see an ogre (extremely poisoned, weak-willed) and a worm
(weak-willed).

Vanquished Creatures
  A water moccasin (D:4)
  Robin (D:3)
  4 adders
  3 worms
  A dart slug (D:1)
  7 orcs
  4 ball pythons
  4 bats
  5 endoplasms
  5 giant cockroaches
  15 goblins
  15 hobgoblins
  3 jackals (D:2)
  7 kobolds
  A quokka (D:3)
  3 frilled lizards
  13 rats
92 creatures vanquished.

Vanquished Creatures (others)
  A plant (D:3)
1 creature vanquished.

Grand Total: 93 creatures vanquished

Notes
Turn   | Place    | Note
-------+----------+-------------------------------------------
     0 | D:1      | Drevant2 the Merfolk Gladiator began the quest for the Orb.
     0 | D:1      | Reached XP level 1. HP: 16/16 MP: 1/1
   243 | D:1      | Reached XP level 2. HP: 22/22 MP: 2/2
   277 | D:1      | Reached skill level 5 in Polearms
   464 | D:1      | Reached XP level 3. HP: 27/27 MP: 3/3
  1093 | D:2      | Reached skill level 6 in Polearms
  1159 | D:2      | Reached XP level 4. HP: 31/33 MP: 4/4
  1368 | D:2      | Found a faded altar of an unknown god.
  1840 | D:3      | Reached skill level 7 in Polearms
  2011 | D:3      | Found a hazy altar of Hepliaklqana.
  2173 | D:3      | You fall into a shaft and drop 3 floors!
  2235 | D:6      | Found a burning altar of Makhleb.
  2265 | D:6      | Became a worshipper of Makhleb the Destroyer
  2283 | D:5      | Entered Level 5 of the Dungeon
  2301 | D:5      | Noticed an orc warrior
  2423 | D:4      | Reached XP level 5. HP: 24/38 MP: 5/5
  2536 | D:3      | Noticed Robin
  2691 | D:3      | Killed Robin
  2715 | D:3      | Found a basalt altar of Yredelemnul.
  2962 | D:3      | Found a bloodstained altar of Trog.
  3232 | D:4      | Noticed a water moccasin
  3232 | D:4      | Noticed an ogre
  3258 | D:4      | Killed a water moccasin
  3259 | D:4      | Reached skill level 9 in Polearms
  3259 | D:4      | Reached XP level 6. HP: 29/44 MP: 6/6
  3260 | D:4      | Slain by an ogre

Illustrated notes

Levels and vault maps discovered:
D:1:      psy_arrival_statuary, layout_loops_ring
D:2:      layout_basic, shapermc_ecumenical_altar_ellora, minmay_goblin_outpost
D:3:      layout_loops_cross, nicolae_hepliaklqana_hazy_memory,
          lemuel_coloured_pillars_altar, mainiacjoe_overflow_cross_hatched,
          minmay_fractal_squares_5, uniq_robin
D:4:      layout_loops_ring
D:5:      layout_basic, minmay_temple_entry_poolview
D:6:      layout_basic, old_standard_altar, serial_bayou_pond_d

Skill      XL: |  1  2  3  4  5 |
---------------+----------------+-----
Polearms       | 5 6 7 9 |  9.0
Fighting       | |  2.1
Throwing       | |  2.0
Dodging        | |  4.0

Action                     |  1- 3 |  4- 6 || total
---------------------------+-------+-------++-------
  Melee: Trident           |   135 |   198 ||   333
         Tailslap          |     1 |       ||     1
         Punch             |       |     1 ||     1
  Throw: Throwing net      |     2 |     2 ||     4
         Javelin           |       |     1 ||     1
    Use: Scroll            |       |    11 ||    11
         Potion            |       |     3 ||     3
   Stab: Sleeping          |     5 |     4 ||     9
         Held in net/web   |     1 |       ||     1
 Armour: Leather armour    |    17 |    50 ||    67
  Dodge: Dodged            |    60 |   109 ||   169

Table legend: (Time is in decaauts)
 A = Elapsed time spent in this place.
 B = Non-inter-level travel time spent in this place.
 C = Inter-level travel time spent in this place.
 D = Time resting spent in this place.
 E = Time spent auto-exploring this place.
 F = Levels seen in this place.
 G = Mean time per level.
                   A        B        C        D        E       F      G
               +--------+--------+--------+--------+--------+-----+--------+
         Total |   3253 |   2862 |    391 |    288 |   1862 |   6 |  542.2 |
       Dungeon |   3253 |   2862 |    391 |    288 |   1862 |   6 |  542.2 |
               +--------+--------+--------+--------+--------+-----+--------+

Top non-repeatable levels by time:
     D:1: 903 daAuts
     D:3: 900 daAuts
     D:2: 741 daAuts
     D:4: 545 daAuts
     D:6: 109 daAuts
     D:5: 53 daAuts
